 Dungeon Crawl Stone Soup version 0.28-b1-25-g9875b3f (webtiles) character file.

Game seed: 8529322634793519070

344 Host24 the Quickloader (level 6, -1/37 HPs)
             Began as a Kobold Hunter on Jan 31, 2022.
             Slain by an orc wizard (3 damage)
             ... on level 5 of the Dungeon.
             The game lasted 00:09:54 (6690 turns).

Host24 the Quickloader (Kobold Hunter)              Turns: 6690, Time: 00:09:54

Health: -1/37      AC:  5    Str: 13    XL:     6   Next: 89%
Magic:  6/6        EV: 15    Int: 12    God:
Gold:   147        SH:  0    Dex: 16    Spells: 5/5 levels left

rFire   + + .      SeeInvis .   a - +1 hand crossbow
rCold   + . .      Faith    .   (no shield)
rNeg    + . .      Spirit   .   x - +1 leather armour of Vauxeusa {rN+ Str+2}
rPois   +          Reflect  .   (no helmet)
rElec   +          Harm     .   (no cloak)
rCorr   +          Rampage  .   q - +0 pair of gloves
Will    .....                   (no boots)
Stlth   +++.......              (no amulet)
HPRegen 0.12/turn               f - ring of protection from fire
MPRegen 0.10/turn               (no ring)

@: lethally poisoned (-1 -> -4), resistant, attractive
A: small, no large weapons, nightstalker 3
a: no special abilities


You were on level 5 of the Dungeon.
You visited 1 branch of the dungeon, and saw 5 of its levels.

You collected 147 gold pieces.

Inventory:

Hand Weapons
 a - a +1 hand crossbow (weapon)
 o - a +0 hunting sling
 r - a +2 dagger of electrocution
Missiles
 b - 4 atropa-tipped darts
 d - 11 bolts (quivered ammo)
 i - 55 sling bullets
 j - 63 stones
 m - 2 javelins
 p - 57 arrows
 v - 6 poisoned darts
Armour
 q - a +0 pair of gloves (worn)
 x - the +1 leather armour of Vauxeusa (worn) {rN+ Str+2}
   (You found it on level 5 of the Dungeon)

   Str:       It affects your strength (+2).
   rN:        It protects you from negative energy.
Jewellery
 f - a ring of protection from fire (left hand)
Wands
 u - a wand of flame (9)
Scrolls
 e - a scroll of magic mapping {unknown}
 g - 7 scrolls of identify {unknown}
 k - a scroll of teleportation {unknown}
 l - a scroll of enchant armour {unknown}
 n - a scroll of noise {unknown}
 s - a scroll of holy word {unknown}
Potions
 h - a potion of flight
 t - a potion of attraction


   Skills:
 - Level 3.0 Fighting
 + Level 8.3 Crossbows
 - Level 4.0 Dodging
 - Level 1.3 Stealth


You had 5 spell levels left.
You didn't know any spells.
Your spell library contained the following spells:

 Spells                   Type           Power      Damage    Failure   Level
 Ignite Poison            Fire/Tmut/Pois 0%         N/A       77%         3
 Mephitic Cloud           Conj/Pois/Air  0%         N/A       77%         3
 Teleport Other           Tloc           0%         N/A       77%         3
 Freezing Cloud           Conj/Ice/Air   0%         6-21      100%        5
 Silence                  Hex/Air        0%         N/A       100%        5
 Disjunction              Tloc           0%         N/A       100%        8


Dungeon Overview and Level Annotations

Branches:
Dungeon (5/15)
 Temple: D:4-7

Altars:
Cheibriados
Dithmenos
Makhleb
Sif Muna
Wu Jian
Xom
Yredelemnul
Zin

Shops:
D:2 !   D:4 :


Innate Abilities, Weirdness & Mutations

You are small and have problems with some larger weapons.
You are completely attuned to the shadows.


Message History

Aim: an orc, wielding a +2 dagger of venom and quivering boomerangs (69% to hit)
You shoot a bolt. The bolt closely misses the orc.
The bolt closely misses the orc wizard.
You feel very sick. The orc misses you.
Fire: 14 bolts
Press: ? - help, Q - select action, (/) - cycle Shift-Dir - straight line, f/p - orc
Aim: an orc, wielding a +2 dagger of venom and quivering boomerangs (69% to hit)
You shoot a bolt. The bolt hits the orc.
The orc is lightly wounded.
You feel very sick. The orc barely misses you.
Fire: 13 bolts
Press: ? - help, Q - select action, (/) - cycle Shift-Dir - straight line, f/p - orc
Aim: an orc, wielding a +2 dagger of venom and quivering boomerangs (lightly wounded, 69% to hit)
You shoot a bolt. The bolt hits the orc!
You kill the orc!
You feel sick.
Fire: 12 bolts
Press: ? - help, Q - select action, (/) - cycle Shift-Dir - straight line, f - orc wizard
Aim: an orc wizard, wielding a +0 dagger and wearing a +0 robe (63% to hit)
You shoot a bolt. The bolt hits the orc wizard.
The orc wizard is moderately wounded.
You feel sick.
The orc wizard casts a spell.
The orc wizard flickers and vanishes!
Deactivating autopickup; reactivate with Ctrl-A.
You hear some strange, mumbled words.
A puff of flame appears from out of thin air!
The puff of flame hits you. You resist.
* * * LOW HITPOINT WARNING * * *
It was a potion of attraction.
You feel attractive to monsters.
* * * LOW HITPOINT WARNING * * *
You feel sick. Something hits you but does no damage.
It was a potion of resistance.
You feel protected.
* * * LOW HITPOINT WARNING * * *
You feel sick. Something hits you.
You die...

# ###.#####...#
#.###)####
#..#####..###.# #.#
##...###..>##.###.#
###.#.......<##.^#
#.............##
###...........#####
#.......###......
#####################
(..{@................
#####################


There were no monsters in sight!

Vanquished Creatures
  A bullfrog (D:4)
  A howler monkey (D:3)
  A hound (D:4)
  A jelly (D:4)
  An orc priest (D:4)
  An iguana (D:4)
  2 adders
  An adder skeleton (D:4)
  2 worms
  4 dart slugs
  8 orcs
  7 endoplasms
  5 giant cockroaches
  10 goblins
  7 hobgoblins
  4 quokkas
  6 ball pythons
  3 bats
  8 frilled lizards
  3 kobolds
  6 rats
82 creatures vanquished.

Vanquished Creatures (others)
  2 plants (D:5)
2 creatures vanquished.

Grand Total: 84 creatures vanquished

Notes
Turn   | Place    | Note
-------+----------+-------------------------------------------
     0 | D:1      | Host24 the Kobold Hunter began the quest for the Orb.
     0 | D:1      | Reached XP level 1. HP: 12/12 MP: 1/1
   156 | D:1      | Reached skill level 5 in Crossbows
   184 | D:1      | Reached XP level 2. HP: 10/18 MP: 2/2
  1015 | D:1      | Reached XP level 3. HP: 17/23 MP: 3/3
  1704 | D:1      | Found a faded altar of an unknown god.
  2509 | D:1      | Reached XP level 4. HP: 28/28 MP: 4/4
  2515 | D:2      | Found an ornate altar of the Wu Jian Council.
  2667 | D:2      | Found Ullaasky's Distillery.
  3666 | D:3      | Found a shimmering blue altar of Sif Muna.
  3729 | D:3      | Found a shadowy altar of Dithmenos.
  3752 | D:3      | Found a basalt altar of Yredelemnul.
  3767 | D:3      | Reached skill level 6 in Crossbows
  3767 | D:3      | Reached XP level 5. HP: 22/32 MP: 5/5
  4617 | D:3      | Found a shimmering altar of Xom.
  5044 | D:4      | Found Toifi's Book Shop.
  5157 | D:4      | Found a snail-covered altar of Cheibriados.
  5516 | D:4      | Reached skill level 7 in Crossbows
  5827 | D:4      | Reached XP level 6. HP: 37/37 MP: 6/6
  6087 | D:4      | Found a burning altar of Makhleb.
  6088 | D:4      | Found a glowing silver altar of Zin.
  6089 | D:4      | Noticed a cacodemon
  6090 | D:4      | Noticed an angel
  6222 | D:4      | Reached skill level 8 in Crossbows
  6379 | D:4      | Got the Incunabulum of Spatial Beguiling
  6427 | D:5      | Entered Level 5 of the Dungeon
  6599 | D:5      | Identified the +1 leather armour of Vauxeusa {rN+ Str+2}
  6690 | D:5      | Slain by an orc wizard

Illustrated notes

Levels and vault maps discovered:
D:1:      dpeg_arrival_rooms_a, layout_basic, dilly_ecumenical_altar_fadedgnrine
D:2:      layout_rooms, serial_co_window_serial, co_window_paths_a,
          co_window_paths_a, co_window_paths_b, co_window_corner_a,
          co_window_corner_a, co_window_of_opportunity_b, co_window_broadway_c,
          co_window_corner_b, co_window_unsneaky_path_e,
          co_window_of_opportunity_b, co_window_paths_d, glass_columns_b,
          glass_columns_c, basic_altar, serial_shops, shop
D:3:      layout_basic, nicolae_overflow_quartered_altars
D:4:      layout_loops_cross, grunt_temple_overflow_order_and_chaos_2,
          mainiacjoe_overflow_tiny_flanked, serial_shops, shop
D:5:      layout_rooms, corexii_shack, amcnicky_mini_pool_medium

Skill      XL: |  1  2  3  4  5  6 |
---------------+-------------------+-----
Crossbows      | 5 6 7 8 |  8.3
Fighting       | 3 |  3.0
Dodging        | 3 4 |  4.0
Stealth        | |  1.3

Action                   |  1- 3 |  4- 6 || total
-------------------------+-------+-------++-------
Melee: Short sword       |   105 |    45 ||   150
       Punch             |     2 |     3 ||     5
       Dagger            |       |   105 ||   105
 Fire: Hand crossbow     |    11 |    16 ||    27
  Use: Potion            |     3 |     2 ||     5
 Stab: Sleeping          |    11 |    18 ||    29
Armor: Leather armour    |    22 |    22 ||    44
Dodge: Dodged            |    90 |    85 ||   175
